 Dungeon Crawl Stone Soup version 0.31-a0-819-gf6de2f5ab6 (webtiles) character file.

Game seed: 10572978393142890658

72 Leeroy the Ducker (level 4, -1/23 HPs)
             Began as a Merfolk Shapeshifter on Sept 23, 2023.
             Slain by Sigmund
             ... wielding a +0 scythe
              (3 damage)
             ... on level 2 of the Dungeon.
             The game lasted 00:01:47 (1140 turns).

Leeroy the Ducker (Merfolk Shapeshifter)            Turns: 1140, Time: 00:01:48

Health: -1/23      AC:  2    Str: 16    XL:     4   Next: 25%
Magic:  4/4        EV: 14    Int:  9    God:
Gold:   8          SH:  0    Dex: 13    Spells: 3/3 levels left

rFire   . .          .
                       - Unarmed
rCold   . . .        (shield currently unavailable)
rNeg    . . .        a - +0 animal skin
rPois   .            (no helmet)
rElec   .            (no cloak)
rCorr   .            (no gloves)
SInv    .            (no boots)
Will    .....        (no amulet)
Stlth   +            (no ring)
HPRegen 0.23/turn    (no ring)
MPRegen 0.09/turn

%: no passive effects
@: flux-form, glowing
A: glow, contaminating, reduced hp, (nimble swimmer 2), mertail
a: Begin Untransformation


You were on level 2 of the Dungeon.
You were something dangerously unstable.
You visited 1 branch of the dungeon, and saw 2 of its levels.

You collected 8 gold pieces.

Inventory:

Armour
 a - a +0 animal skin (worn)
Talismans
 c - a beast talisman
 d - a flux talisman (active)
Scrolls
 f - a scroll of revelation {unknown}
 h - a scroll of identify {unknown}
Potions
 b - a potion of lignification
 e - 2 potions of berserk rage {unknown}
 g - a potion of heal wounds {unknown}
 i - 2 potions of attraction {unknown}


   Skills:
 - Level 1.1 Fighting
 + Level 5.6 Dodging
 - Level 3.2 Unarmed Combat
 - Level 4.3 Shapeshifting


You had 3 spell levels left.
You didn't know any spells.
Your spell library was empty.

Dungeon Overview and Level Annotations

Branches:
Dungeon (2/15)

Altars:

Shops:
D:1 (

Annotations:
D:2 Sigmund


Innate Abilities, Weirdness & Mutations

You are something dangerously unstable.
You glow with magical radiation, making you easy to see and hit.
Foes you strike become dangerously contaminated with magical radiation.
Your maximum health is decreased, since you lack skill for your form.
You are incapable of wielding weapons or throwing items.
((You are very nimble when in or above water. (Stealth+, EV+, Speed+++)))
Your lower body shifts to a powerful aquatic tail in water.


Message History

You barely miss the endoplasm.
The endoplasm jiggles.
The endoplasm closely misses you.
You hit the endoplasm but do no damage.
The endoplasm begins to glow.
The endoplasm barely misses you.
You hit the endoplasm.
The endoplasm glows dangerously bright.
The endoplasm is heavily wounded.
The endoplasm closely misses you.
Unknown command.
You hit the endoplasm.
The endoplasm shudders as magic cascades through it!
You kill the endoplasm!
Sigmund the Dreaded comes into view.
He is wielding a +0 scythe.
Sigmund shouts!
Sigmund is nearby!
You start waiting.
Sigmund is nearby!
A rat comes into view.
Sigmund hits you with a +0 scythe!
You hit Sigmund but do no damage.
Sigmund begins to glow.
You hit Sigmund but do no damage.
Sigmund glows dangerously bright.
Sigmund hits you with a +0 scythe.
You barely miss Sigmund. Sigmund hits you with a +0 scythe.
* * * LOW HITPOINT WARNING * * *
You barely miss Sigmund. You hit Sigmund but do no damage.
Sigmund shudders as magic cascades through him.
Sigmund twists and deforms.
Sigmund is lightly wounded.
Sigmund says, "Look into my eyes."
Sigmund barely misses you.
You closely miss Sigmund.
Sigmund is lightly wounded.
You hit Sigmund.
Sigmund begins to glow.
Sigmund is moderately wounded.
Sigmund misses you. The rat bites you.
* * * LOW HITPOINT WARNING * * *
Sigmund hits you from afar with a +0 scythe.
You die...
Sigmund begins carving another notch in his scythe.

#........# #........##
.. #.......... ..
#........## #.
#........## #.
#.........# #.
#.....†...# #.###
###.#.....# #.#p##
#.#####.# #@r#.##
#.###.#.#
#.###.######.##....#
... #................
###...#######.##.....#
#... #.##.#.#.# #...
#.#......# ##.#
#.#..##### #. #.#..#


You could see Sigmund (contam, misshapen) and a rat.

Vanquished Creatures
  Terence (D:2)
  An adder (D:2)
  A worm (D:2)
  A dart slug (D:1)
  3 ball pythons (D:1)
  6 bats
  4 endoplasms
  2 giant cockroaches (D:1)
  2 hobgoblins (D:1)
  A quokka (D:1)
  A frilled lizard (D:1)
  4 goblins (D:1)
  2 kobolds (D:1)
  A rat (D:1)
30 creatures vanquished.

Notes
Turn   | Place    | Note
-------+----------+-------------------------------------------
     0 | D:1      | Leeroy the Merfolk Shapeshifter began the quest for the
                  | Orb.
     0 | D:1      | Reached XP level 1. HP: 15/15 MP: 1/1
   112 | D:1      | Reached skill level 3 in Dodging
   128 | D:1      | Reached XP level 2. HP: 17/21 MP: 2/2
   302 | D:1      | Reached skill level 4 in Dodging
   457 | D:1      | Reached XP level 3. HP: 26/26 MP: 3/3
   604 | D:1      | Found Sockoeli's Antique Weapon Emporium.
   984 | D:2      | Noticed Terence
  1030 | D:2      | Killed Terence
  1031 | D:2      | Reached skill level 5 in Dodging
  1031 | D:2      | Reached XP level 4. HP: 18/32 MP: 4/4
  1125 | D:2      | Noticed Sigmund
  1140 | D:2      | Slain by Sigmund

Illustrated notes

Levels and vault maps discovered:
D:1:      minmay_arrival_checkered_box, layout_basic, serial_shops, shop
D:2:      layout_loops_corners, basic_altar,
          shapermc_ecumenical_altar_starsandcircs,
          nicolae_concentric_dashed_squares_mild, uniq_sigmund, uniq_terence

Skill      XL: |  1  2  3 |
---------------+----------+-----
Dodging        | 3 4 5 |  5.6
Fighting       | |  1.1
Unarmed Combat | |  3.2
Shapeshifting  | |  4.3

Action                     |  1- 3 |  4- 6 || total
---------------------------+-------+-------++-------
  Melee: Unarmed           |    76 |    22 ||    98
         Punch             |     1 |       ||     1
 Armour: Animal skin       |    37 |    14 ||    51
  Dodge: Dodged            |    53 |    22 ||    75
   Form: Flux              |     1 |       ||     1

Table legend: (Time is in decaauts)
 A = Elapsed time spent in this place.
 B = Non-inter-level travel time spent in this place.
 C = Inter-level travel time spent in this place.
 D = Time resting spent in this place.
 E = Time spent auto-exploring this place.
 F = Levels seen in this place.
 G = Mean time per level.
                   A        B        C        D        E       F      G
               +--------+--------+--------+--------+--------+-----+--------+
         Total |   1134 |   1108 |     26 |      6 |    874 |   2 |  567.0 |
       Dungeon |   1134 |   1108 |     26 |      6 |    874 |   2 |  567.0 |
               +--------+--------+--------+--------+--------+-----+--------+

Top non-repeatable levels by time:
     D:1: 839 daAuts
     D:2: 294 daAuts
